 Dungeon Crawl Stone Soup version 0.22-a0-880-gb7b0c8b (console) character file.

1155 Hector the Changer (level 8, -1/52 HPs)
             Began as an Octopode Transmuter on July 30, 2018.
             Slain by a sky beast (5 damage)
             ... on level 4 of the Dungeon.
             The game lasted 00:23:10 (8482 turns).

Hector the Changer (Octopode Transmuter)            Turns: 8482, Time: 00:23:12

Health: -1/52      AC:  2    Str: 10    XL:     8   Next: 39%
Magic:  11/13      EV: 19    Int: 17    God:
Gold:   285        SH:  0    Dex: 17    Spells: 8/14 levels left

rFire    . . .     SeeInvis .     - Unarmed
rCold    . . .     Gourm    .   (shield currently unavailable)
rNeg     . . .     Faith    .   (helmet currently unavailable)
rPois    x         Spirit   .   (no amulet)
rElec    .         Reflect  .   (no ring)
rCorr    .         Harm     .   (no ring)
MR       .....                  (no ring)
Stlth    ++........             (no ring)
HPRegen  0.17/turn              (no ring)
MPRegen  0.13/turn              (no ring)
                                (no ring)
                                (no ring)

@: spider-form (expiring)
A: tiny, almost no armour, stealthy swim, (amphibious), 8 rings, (constrict 8),
robust 1
a: End Transformation


You were on level 4 of the Dungeon.
You were very hungry.
You were a venomous arachnid creature.
You visited 1 branch of the dungeon, and saw 5 of its levels.

You collected 285 gold pieces.

Inventory:

Hand Weapons
 e - a +0 hunting sling
 l - a +0 blowgun
 q - a +0 hand axe of electrocution
 s - a +0 blowgun
 v - a +0 war axe
 y - a +2 flail of protection
Missiles
 a - 96 arrows
 m - 28 poisoned needles
 p - 24 sling bullets
 t - 476 stones (quivered)
Magical Staves
 b - an uncursed staff of energy (melded)
Wands
 o - a wand of enslavement (11)
 z - a wand of paralysis (15)
 B - a wand of iceblast (11)
Scrolls
 f - 3 scrolls of remove curse
 h - 3 scrolls of teleportation
 j - 3 scrolls of identify {unknown}
 n - a scroll of magic mapping {unknown}
 u - a scroll of random uselessness {unknown}
 A - a scroll of enchant weapon {unknown}
Potions
 d - 3 potions of curing {unknown}
 g - a potion of invisibility
 i - a potion of brilliance {unknown}
 k - 2 potions of haste {unknown}
 r - 4 potions of lignification {unknown}
 w - a potion of mutation
 x - a potion of heal wounds {unknown}
Comestibles
 c - 5 rations


   Skills:
 - Level 1.0 Fighting
 - Level 2.0 Dodging
 - Level 3.5 Unarmed Combat
 + Level 3.9 Spellcasting
 * Level 7.7 Transmutations
 * Level 5.2 Poison Magic


You had 8 spell levels left.
You knew the following spells:

 Your Spells              Type           Power        Failure   Level  Hunger
a - Beastly Appendage     Tmut           ####..       4%          1    None
b - Sticks to Snakes      Tmut           ####....     5%          2    ##.....
s - Spider Form           Tmut/Pois      ####......   11%         3    ###....

Your spell library contained the following spells:

 Spells                   Type           Power        Failure   Level  Hunger
 Blade Hands              Tmut           ####......   38%         5    ######.
 Ice Form                 Ice/Tmut       ###.....     54%         4    ####...


Dungeon Overview and Level Annotations

Branches:
Dungeon (5/15)
 Temple: D:4-7

Altars:
Dithmenos
Fedhas
Makhleb
Trog
Uskayaw
Vehumet
Wu Jian
Zin
The Shining One


Innate Abilities, Weirdness & Mutations

You cannot wear most types of armour.
You are very stealthy in the water. (Stealth+)
((You are amphibious.))
You can wear up to eight rings at the same time.
((You can use your tentacles to constrict eight enemies at once.))
((Your skin changes colour to match your surroundings (Stealth+).))
((Your rubbery body absorbs attacks. (AC +1, EV +1)))
You are robust. (+10% HP)


Message History

You bite the sky beast!
The sky beast is poisoned.
The sky beast is moderately wounded.
The sky beast hits you. The sky beast shocks you.
You barely miss the sky beast.
The sky beast is moderately wounded.
Your transformation is almost over.
The sky beast hits you.
* * * LOW HITPOINT WARNING * * *
The sky beast shocks you.
* * * LOW HITPOINT WARNING * * *
You hit the sky beast but do no damage.
The sky beast looks as sick as possible!
The sky beast is moderately wounded.
You hit the sky beast.
The sky beast looks as sick as possible!
The sky beast is moderately wounded.
The sky beast hits you.
* * * LOW HITPOINT WARNING * * *
The sky beast shocks you.
You die...

#..# #.# #.# ######.#######.#
#.# #.....#.....##.# #.#
#.####.####.##.# #.#
#.####.####.##.# #.#
#.#.<.^........# #.#
#.#.##......#..# #.#
#.#.######..#.Y# #.# #.#.#
#..#s># #.# #.#.## #..#..# #.#
#..#.#####..##############.#
#.........[.##...#...##....#
##).#..###...#..#..#..#######
#..###.# #....#..#..#.._#
#...#..# #..##.#..#..#.########
#.#...####..###..###..##.......
#.##### #.....############.#.##


You could see a sky beast.

Vanquished Creatures
  Edmund (D:4)
  2 ogres
  A centaur (D:5)
  Blork the orc (D:4)
  4 big kobolds (D:3)
  A scorpion (D:4)
  A crimson imp (D:5)
  An orc priest (D:3)
  A hound (D:5)
  2 worker ants (D:5)
  4 gnolls (D:3)
  7 adders
  An adder skeleton (D:5)
  2 worms
  2 dart slugs
  3 leopard geckos
  10 orcs
  3 bats
  5 giant cockroaches
  4 goblins
  12 hobgoblins
  9 jackals
  2 quokkas (D:2)
  3 ball pythons
  5 frilled lizards
  A jackal skeleton (D:5)
  41 kobolds
  A quokka skeleton (D:4)
  4 rats
134 creatures vanquished.

Vanquished Creatures (collateral kills)
  6 kobolds (D:3)
6 creatures vanquished.

Vanquished Creatures (others)
  Jessica (D:2)
1 creature vanquished.

Grand Total: 141 creatures vanquished

Notes
Turn   | Place    | Note
-------+----------+-------------------------------------------
     0 | D:1      | Hector the Octopode Transmuter began the quest for the Orb.
     0 | D:1      | Reached XP level 1. HP: 13/13 MP: 3/3
   231 | D:1      | Reached XP level 2. HP: 11/18 MP: 5/5
   238 | D:1      | Learned a level 2 spell: Sticks to Snakes
   897 | D:2      | Reached skill level 3 in Transmutations
   897 | D:2      | Reached XP level 3. HP: 13/23 MP: 6/6
   912 | D:2      | Killed Jessica
  1083 | D:2      | Gained mutation: You are robust. (+10% HP) [potion of mutation]
  1393 | D:1      | Learned a level 3 spell: Spider Form
  2005 | D:2      | Reached skill level 1 in Poison Magic
  2005 | D:2      | Reached XP level 4. HP: 28/30 MP: 7/7
  2088 | D:2      | Found a glowing golden altar of the Shining One.
  2111 | D:2      | Found a radiant altar of Vehumet.
  3264 | D:3      | Reached skill level 4 in Transmutations
  3269 | D:3      | Reached XP level 5. HP: 36/36 MP: 5/8
  3308 | D:3      | Found a glowing silver altar of Zin.
  4290 | D:3      | Noticed a big kobold
  4632 | D:3      | Killed a big kobold
  4632 | D:3      | Reached skill level 5 in Transmutations
  4632 | D:3      | Reached XP level 6. HP: 37/41 MP: 6/9
  5742 | D:3      | HP: 2/41 [poisoned by a kobold]
  5750 | D:3      | HP: 2/41 [poisoned by a kobold]
  6181 | D:3      | Reached skill level 6 in Transmutations
  6181 | D:3      | Reached XP level 7. HP: 35/47 MP: 4/10
  7095 | D:4      | Noticed Blork the orc
  7108 | D:4      | Found an ornate altar of the Wu Jian Council.
  7137 | D:4      | Killed Blork the orc
  7365 | D:4      | Noticed Edmund
  7381 | D:4      | Killed Edmund
  7381 | D:4      | Reached skill level 7 in Transmutations
  7381 | D:4      | Reached XP level 8. HP: 31/52 MP: 11/13
  7799 | D:5      | Entered Level 5 of the Dungeon
  7813 | D:5      | Found a burning altar of Makhleb.
  7819 | D:5      | Found a glowing golden altar of the Shining One.
  7819 | D:5      | Found a blossoming altar of Fedhas.
  7820 | D:5      | Found a hide-covered altar of Uskayaw.
  7820 | D:5      | Found a bloodstained altar of Trog.
  8038 | D:5      | Found a shadowy altar of Dithmenos.
  8055 | D:5      | Reached skill level 5 in Poison Magic
  8482 | D:4      | Slain by a sky beast

Vault maps used:
D:1:      dpeg_arrival_leaves_temple_mockup
D:2:      fiery_altar_vehumet, nicolae_tso_carved_into_rock, uniq_jessica
D:3:      minmay_goblin_kobold_castle, zin_academy, first_ration
D:4:      marbit_many_paths, minmay_liquid_box, uniq_edmund, uniq_blork_the_orc
D:5:      nicolae_dithmenos_shadow_blocks, grunt_temple_overflow_open

Skill      XL: |  1  2  3  4  5  6  7  8 |
---------------+-------------------------+-----
Transmutations | 3 4 5 6 7 |  7.7
Poison Magic   | 1 2 3 4 5 |  5.2
Spellcasting   | 3 |  3.9
Fighting       | |  1.0
Dodging        | |  2.0
Unarmed Combat | |  3.5

Action                   |  1- 3 |  4- 6 |  7- 9 || total
-------------------------+-------+-------+-------++-------
Melee: Unarmed           |    73 |   231 |   105 ||   409
       Constrict         |    22 |    26 |    14 ||    62
       Tentacles         |    14 |    19 |    13 ||    46
       Punch             |     1 |     1 |     1 ||     3
       Kick              |     3 |     4 |     1 ||     8
       Staff             |       |       |    13 ||    13
Throw: Stone             |       |       |     2 ||     2
 Cast: Beastly Appendage |     2 |     3 |     1 ||     6
       Spider Form       |       |    16 |     9 ||    25
       Sticks to Snakes  |       |     3 |     4 ||     7
  Use: Potion            |     3 |       |       ||     3
       Scroll            |       |     2 |       ||     2
 Stab: Sleeping          |     7 |     2 |     3 ||    12
       Distracted        |       |       |     1 ||     1
  Eat: Chunk             |     3 |    12 |     7 ||    22
       Ration            |       |     1 |       ||     1
Armor: Skin              |     6 |    15 |     9 ||    30
Dodge: Dodged            |    38 |   224 |    98 ||   360

Table legend:
 A = Spawn XP
 B = Non-spawn XP
 C = Spawn XP percentage of total XP
 D = Spawn monster count
 E = Non-spawn monster count
 F = Spawn count percentage of total count
 G = Total turns spent on level
                    A         B        C        D         E        F      G
               +---------+---------+-------+---------+---------+-------+---------
         Total |       0 |    1650 |   0.0 |       0 |     140 |   0.0 |  8482
               +---------+---------+-------+---------+---------+-------+---------
           D:1 |       0 |      30 |   0.0 |       0 |      16 |   0.0 |  1433
           D:2 |       0 |      95 |   0.0 |       0 |      26 |   0.0 |  1658
           D:3 |       0 |     642 |   0.0 |       0 |      79 |   0.0 |  3675
           D:4 |       0 |     477 |   0.0 |       0 |       9 |   0.0 |  1315
           D:5 |       0 |     406 |   0.0 |       0 |      10 |   0.0 |   401
               +---------+---------+-------+---------+---------+-------+---------
